 Dungeon Crawl Stone Soup version 0.27-a0-323-gbd089401bb (webtiles) character file.

Game seed: 11387069286680333860

85 tabyourdongers the Sneak (level 4, -2/41 (44) HPs)
             Began as a Troll Delver on Feb 10, 2021.
             Killed from afar by an orc wizard (9 damage)
             ... with a magic dart
             ... on level 7 of the Dungeon.
             The game lasted 00:00:30 (195 turns).

tabyourdongers the Sneak (Troll Delver)              Turns: 195, Time: 00:00:30

HP:   -2/41 (44)    AC:  6    Str: 21    XL:     4   Next: 25%
MP:   3/3           EV: 10    Int:  6    God:
Gold: 0             SH:  0    Dex: 11    Spells: 3/3 levels left

rFire    . . .     SeeInvis .     - Unarmed
rCold    . . .     Faith    .   (no shield)
rNeg     . . .     Spirit   .   a - +0 robe
rPois    .         Reflect  .   (helmet restricted)
rElec    .         Harm     .   (no cloak)
rCorr    .         Rampage  .   (gloves unavailable)
Will     .....                  (boots unavailable)
Stlth    ++........             (no amulet)
HPRegen  0.53/turn              (no ring)
MPRegen  0.08/turn              (no ring)

@: drained
A: large, unfitting armour, claws 3, regeneration 1, shaggy fur 1, tough skin 3
a: no special abilities


You were on level 7 of the Dungeon.
You visited 1 branch of the dungeon, and saw 3 of its levels.

Inventory:

Armour
 a - a +0 robe (worn)
Wands
 f - a wand of digging (3)
Scrolls
 b - a scroll of fog
 c - a scroll of magic mapping
 d - a scroll of fear
Potions
 e - a potion of haste


   Skills:
 + Level 2.8 Fighting
 + Level 1.8 Dodging
 + Level 3.4 Stealth
 + Level 2.4 Unarmed Combat


You had 3 spell levels left.
You didn't know any spells.
Your spell library was empty.

Dungeon Overview and Level Annotations

Branches:
Dungeon (7/15)
 Temple: D:4-7

Altars:
Vehumet


Innate Abilities, Weirdness & Mutations

You are too large for most types of armour.
You have claws for hands.
Your natural rate of healing is unusually fast.
You are covered in fur. (AC +1)
You have extremely tough skin. (AC +3)


Message History

You hear some strange, mumbled words.
A puff of flame appears from out of thin air!
The puff of flame hits you.
* * * LOW HITPOINT WARNING * * *
Things that are here:
a +0 hand axe; a +2 dagger of holy wrath; a +0 robe An orc wizard appears from thin air!
Reactivating autopickup.
The orc wizard hits you with a +1 dagger of draining.
* * * LOW HITPOINT WARNING * * *
You feel drained.
* * * LOW HITPOINT WARNING * * *
The orc priest shouts!
You hear a shout!
You claw the orc priest!
The orc priest is almost dead.
The orc priest barely misses you.
You claw the orc priest!
You kill the orc priest!
The orc wizard hits you but does no damage.
You feel drained.
You have reached level 4!
An orc comes into view.
It is wielding a +0 falchion and carrying a wand of polymorph (10).
You see here a +0 whip.
You scratch the orc.
The orc is moderately wounded.
The orc closely misses you.
You claw the orc!
You kill the orc!
The orc wizard gestures at itself while chanting.
The orc wizard flickers and vanishes!
Deactivating autopickup; reactivate with Ctrl-A.
You claw the orc!
You kill the orc!
The orc throws a boomerang.
The boomerang hits you but does no damage.
You closely miss something.
You hear some strange, mumbled words.
A magic dart appears from out of thin air!
The magic dart hits you!
You die...

######
#...<####
#.......#
#######.# #
#.# .###..
#.###.{.ooo
#.#..ooo...
#†#o#########
#...{@......#
###o#######.#
#...oo.o).#
###########


You could see 2 orcs.

Vanquished Creatures
  An orc priest (D:7)
  An orc wizard (D:7)
  A worker ant (D:7)
  An adder (D:6)
  A white imp (D:6)
  4 orcs (D:7)
9 creatures vanquished.

Notes
Turn   | Place    | Note
-------+----------+-------------------------------------------
     0 | D:5      | tabyourdongers the Troll Delver began the quest for the
                  | Orb.
     0 | D:5      | Reached XP level 1. HP: 22/22 MP: 0/0
    12 | D:6      | Reached skill level 3 in Stealth
    12 | D:6      | Reached XP level 2. HP: 13/29 MP: 1/1
    72 | D:7      | Reached XP level 3. HP: 12/36 MP: 2/2
   185 | D:7      | HP: 1/29 [orc wizard/+1 dagger of draining (1)]
   191 | D:7      | Reached XP level 4. HP: 5/40 MP: 3/3
   195 | D:7      | Killed from afar by an orc wizard

Illustrated notes

Levels and vault maps discovered:
D:5:      layout_basic, vehumet_altar_wand_db, amethyst_overflow_temple_binary,
          serial_shops, shop
D:6:      layout_basic, kennysheep_slug_shrine,
          pdpol_wu_jian_five_deadly_venoms, enter_ossuary_3, serial_shops, shop,
          uniq_pikel, uniq_duvessa
D:7:      layout_basic, minmay_temple_entry_purple_smoke,
          uniq_crazy_yiuf_cottage

Skill      XL: |  1 |
---------------+----+-----
Stealth        | 3 |  3.4
Fighting       | |  2.8
Dodging        | |  1.8
Unarmed Combat | |  2.4

Action                   |  1- 3 |  4- 6 || total
-------------------------+-------+-------++-------
Melee: Unarmed           |    31 |     4 ||    35
Armor: Robe              |    13 |     1 ||    14
Dodge: Dodged            |    12 |     1 ||    13

Table legend: (Time is in decaauts)
 A = Elapsed time spent in this place.
 B = Non-inter-level travel time spent in this place.
 C = Inter-level travel time spent in this place.
 D = Time resting spent in this place.
 E = Time spent auto-exploring this place.
 F = Levels seen in this place.
 G = Mean time per level.
                   A        B        C        D        E       F      G
               +--------+--------+--------+--------+--------+-----+--------+
         Total |    193 |    192 |      1 |     39 |     82 |   3 |   64.3 |
       Dungeon |    193 |    192 |      1 |     39 |     82 |   3 |   64.3 |
               +--------+--------+--------+--------+--------+-----+--------+

Top non-repeatable levels by time:
     D:7: 140 daAuts
     D:6: 51 daAuts
     D:5: 1 daAuts
